 Dungeon Crawl Stone Soup version 0.30-a0-748-ge6a52f7cba (webtiles) character file.

Game seed: 6523286101458545736

41031 bjtr the Earth Mage (level 14, -1/82 HPs)
             Began as a Gargoyle Earth Elementalist on Feb 8, 2023.
             Was an Elder of Vehumet.
             Killed from afar by a manticore (9 damage)
             ... with a volley of spikes
             ... on level 14 of the Dungeon on Feb 9, 2023.
             The game lasted 01:38:47 (18693 turns).

bjtr the Earth Mage (Gargoyle Earth Elementalist)  Turns: 18693, Time: 01:38:48

Health: -1/82      AC: 24    Str: 12    XL:     14   Next: 13%
Magic:  12/30      EV: 31    Int: 21    God:    Vehumet [****..]
Gold:   1297       SH: 11    Dex: 16    Spells: 16/38 levels left

rFire   + . .      SeeInvis +    a - +4 morningstar
rCold   + . .      Faith    .    D - +0 kite shield
rNeg    + . .      Spirit   .    G - +2 robe {rC+ rF+}
rPois   ∞          Reflect  .    E - +2 helmet {SInv}
rElec   +          Harm     .    P - scarf {repulsion}
rCorr   .          Rampage  .    d - +2 pair of gloves
Will    +....                    p - +2 pair of boots
Stlth   +++                      F - amulet of the acrobat
HPRegen 0.33/turn                J - ring "Naoqy" {Dex+6 Slay+3}
MPRegen 0.22/turn                K - +5 ring of evasion

@: spiked, acrobatic, flying, repel missiles
A: sickness immunity, AC +10, big wings, negative energy resistance 1,
electricity resistance, torment resistance 1, petrification resistance
a: Renounce Religion


You were on level 14 of the Dungeon.
You worshipped Vehumet.
Vehumet was greatly pleased with you.
You visited 2 branches of the dungeon, and saw 15 of its levels.
You also visited: Ossuary.

You collected 1297 gold pieces.

Inventory:

Hand Weapons
 a - a +4 morningstar (weapon)
 i - the +10 dagger of Impatience {flame, *Rage rC++}
   (You found it on level 12 of the Dungeon)

   rC:        It greatly protects you from cold.
   *Rage:     It berserks you when you make melee attacks (+20% chance).
 y - a +3 scimitar of flaming
Missiles
 A - 4 throwing nets
 T - 17 poisoned darts (quivered)
Armour
 d - a +2 pair of gloves (worn)
 p - a +2 pair of boots (worn)
 D - a +0 kite shield (worn)
 E - a +2 helmet of see invisible (worn)
 G - a +2 robe of resistance (worn)
 P - a scarf of repulsion (worn)
Jewellery
 x - a ring of protection from cold
 F - an amulet of the acrobat (around neck)
 J - the ring "Naoqy" (left hand) {Dex+6 Slay+3}
   (You found it in an ossuary)

   [ring of dexterity]

   Dex:       It affects your dexterity (+6).
   Slay:      It affects your accuracy & damage with ranged weapons and melee
   (+3).
 K - a +5 ring of evasion (right hand)
 Z - a ring of resist corrosion
Wands
 h - a wand of roots (2)
 Q - a wand of mindburst (11)
 V - a wand of light (3)
Scrolls
 f - 2 scrolls of magic mapping
 l - a scroll of fog
 n - a scroll of torment {unknown}
 o - a scroll of enchant armour
 r - a scroll of poison {unknown}
 s - 4 scrolls of vulnerability
 t - a scroll of silence
 v - a scroll of amnesia
 z - a scroll of blinking
 U - 6 scrolls of teleportation
Potions
 b - 3 potions of magic
 c - 3 potions of lignification
 e - 2 potions of heal wounds
 g - a potion of mutation {unknown}
 j - 2 potions of haste
 k - 14 potions of curing
 w - a potion of cancellation {unknown}
 B - 2 potions of resistance
 C - 2 potions of ambrosia
 H - 4 potions of attraction
 I - 3 potions of might
 L - 3 potions of brilliance
 X - 2 potions of invisibility {unknown}
Miscellaneous
 O - a lightning rod (3/4)


   Skills:
 + Level 7.2 Fighting
 - Level 2.7 Armour
 - Level 1.5 Dodging
 - Level 6.4 Stealth
 * Level 8.9 Shields
 + Level 12.5 Spellcasting
 + Level 7.3 Conjurations
 - Level 0.7 Transmutations
 + Level 1.2 Fire Magic
 + Level 17.6 Earth Magic
 + Level 0.3 Evocations


You had 16 spell levels left.
You knew the following spells:

 Your Spells              Type           Power      Damage    Failure   Level
a - Sandblast             Erth           100%       2d20      0%          1
b - Passwall              Tmut/Erth      42%        N/A       1%          2
c - Stone Arrow           Conj/Erth      100%       3d13      1%          3
d - Petrify               Tmut/Erth      51%        N/A       2%          4
e - Dazzling Flash        Conj/Hex       56%        N/A       2%          3
f - Inner Flame           Hex/Fire       15%        N/A       7%          3
g - Blink                 Tloc           26%        N/A       19%         2
h - Olgreb's Toxic Radia  Pois           13%        N/A       28%         4

Your spell library contained the following spells:

 Spells                   Type           Power      Damage    Failure   Level
 Iskenderun's Battlesphe  Conj           44%        2d10      4%          5
 Frozen Ramparts          Ice            26%        1d4       10%         3
 Necrotise                Necr           52%        1d6       12%         1
 Lesser Beckoning         Tloc           26%        N/A       19%         2
 Gell's Gravitas          Tloc           13%        N/A       34%         3
 Teleport Other           Tloc           13%        N/A       34%         3
 Vampiric Draining        Necr           13%        2d6       34%         3
 Ice Form                 Ice/Tmut       14%        N/A       69%         4
 Cause Fear               Hex            6%         N/A       75%         4
 Manifold Assault         Tloc           13%        N/A       75%         4
 Summon Ice Beast         Ice/Summ       13%        N/A       75%         4
 Agony                    Necr           13%        N/A       97%         5
 Storm Form               Tmut/Air       7%         N/A       100%        7
 Discord                  Hex            6%         N/A       100%        8


Dungeon Overview and Level Annotations

Branches:
Dungeon (14/15)            Temple (1/1) D:5            Lair (0/5) D:9
    Orc (0/2) D:10         Vaults (0/5) D:14        Ossuary (visited)

Altars:
Ashenzari
Cheibriados
Dithmenos
Elyvilon
Fedhas
Gozag
Hepliaklqana
Kikubaaqudgha
Makhleb
Nemelex Xobeh
Okawaru
Qazlal
Ru
Sif Muna
Trog
Uskayaw
Vehumet
Wu Jian
Xom
Yredelemnul
Zin
The Shining One
Jiyva

Annotations:
D:11 2 transporters
D:14 Rupert


Innate Abilities, Weirdness & Mutations

You are immune to sickness and miasma.
Your stone body is resilient. (AC +10)
You are immune to poison.
Your large and strong wings let you fly.
You resist negative energy. (rN+)
You are resistant to electric shocks. (rElec)
You are resistant to unholy torment.
You are immune to petrification.


Message History

The human is poisoned.
The centaur warrior shoots an arrow.
The arrow completely misses you.
The boulder beetle is engulfed in blazing flames.
The boulder beetle leaps!
Casting: Olgreb's Toxic Radiance (dangerous; 28% risk of failure)
Confirm with . or Enter, or press ? or * to list all spells.
Aiming: Stone Arrow (safe; 1% risk of failure)
Press: ? - help, Shift-Dir - straight line, f/p - centaur warrior
Aim: a centaur warrior, wielding a +3 shortbow (heavily wounded, poisoned, 84% to hit)
The stone arrow hits the centaur warrior!!
The centaur warrior is almost dead.
The human looks even sicker.
The centaur warrior looks even sicker.
Your toxic aura wanes.
The centaur warrior shoots an arrow.
The arrow completely misses you.
Casting: Stone Arrow (safe; 1% risk of failure)
Confirm with . or Enter, or press ? or * to list all spells.
Aiming: Stone Arrow (safe; 1% risk of failure)
Press: ? - help, Shift-Dir - straight line, f/p - centaur warrior
Aim: a centaur warrior, wielding a +3 shortbow (almost dead, very poisoned, 84% to hit)
The stone arrow hits the centaur warrior!!
You kill the centaur warrior!
Vehumet accepts your kill. The human misses you.
The boulder beetle leaps!
The human attacks as you move away! The human completely misses you.
The human shouts!
You hear a shout!
The human barely misses you.
The boulder beetle curls into a ball and begins rolling!
The boulder beetle hits you!!
* * * LOW HITPOINT WARNING * * *
The boulder beetle stops rolling and uncurls.
As you read the scroll of fear, it crumbles to dust.
You assume a fearsome visage.
The human looks frightened! x2
The boulder beetle looks frightened!
The boulder beetle leaps!
The boulder beetle leaps!
The boulder beetle leaps!
The manticore flicks its tail.
The volley of spikes hits you!
The barbed spikes become lodged in your body.
You die...

p. #.....######.......#
#.# #.
#..................# #.#
#. #..................#
#.# #p
#..................# #.#
#p #.....######.......#
#.# ####..p..# #########
#.# #.....######### #.# .
#.....##......# #.# ..
#......@......# #.#
...###..#..........# #.#
........H.......#### #.#
##.....###......# #.#
#...............# #.#
#...............#######.#
#..........#..........#.#
#.............#######.#.#
#.............##.....<#.#


You could see a manticore and a human.

Vanquished Creatures
  Frances (D:13)
  A very ugly thing (D:14)
  Nessos (D:12)
  An ettin (D:14)
  Fannar (D:10)
  Harold (D:11)
  Erica (D:11)
  3 boulder beetles
  7 centaur warriors
  3 two-headed ogres
  A tengu warrior (D:14)
  8 wizards
  Pikel (D:8)
  6 deep elf pyromancers
  An orc sorcerer (D:12)
  5 ugly things
  2 orc knights (D:11)
  3 cyclopes
  6 manticores
  2 gargoyles
  Psyche (D:12)
  A freezing wraith (D:14)
  2 efreet
  Maggie (D:7)
  An unseen horror (shapeshifter) (D:14)
  4 kobold demonologists
  A komodo dragon (D:9)
  2 tengu conjurers (D:12)
  5 trolls
  2 slime creatures (D:13)
  5 wraiths
  2 wyverns (D:9)
  5 humans (D:14)
  A shadow (D:12)
  8 yaks
  5 steam dragons
  A basilisk (D:12)
  A vampire mosquito (D:14)
  An acid dragon (D:14)
  Duvessa (D:7)
  A water moccasin (D:6)
  2 sky beasts (D:8)
  6 orc warriors
  2 black bears
  3 ogres
  10 centaurs
  A phantom (D:6)
  4 kobold brigands
  Blork the orc (D:6)
  A bullfrog (D:6)
  2 necrophages
  2 gnoll sergeants
  11 scorpions
  13 wights
  Dowan (D:7)
  5 killer bees (D:10)
  6 howler monkeys
  5 electric eels
  5 hounds
  2 human zombies (Ossuary)
  A jelly (D:5)
  Crazy Yiuf (D:6)
  5 orc priests
  Jessica (D:3)
  An iguana (D:7)
  9 orc wizards
  4 scorpion zombies (Ossuary)
  3 mummies (Ossuary)
  16 gnolls
  9 adders
  5 river rats (D:6)
  A shadow imp (D:7)
  3 white imps
  3 ufetubi (D:6)
  3 worms
  2 dart slugs
  55 orcs
  10 ball pythons
  8 bats
  6 endoplasms
  3 giant cockroaches
  10 goblins
  10 hobgoblins
  3 jackals (D:3)
  18 kobolds
  7 quokkas
  7 frilled lizards
  4 gnoll zombies (Ossuary)
  A goblin zombie (Ossuary)
  A hobgoblin zombie (Ossuary)
  3 kobold zombies (Ossuary)
  An orc zombie (Ossuary)
  25 rats
  A butterfly (D:5)
428 creatures vanquished.

Vanquished Creatures (others)
  A centaur simulacrum (D:14)
  A slime creature (D:13)
  A water elemental (D:13)
  A white imp (D:7)
  An orc (D:13)
  33 plants
38 creatures vanquished.

Grand Total: 466 creatures vanquished

Notes
Turn   | Place    | Note
-------+----------+-------------------------------------------
     0 | D:1      | bjtr the Gargoyle Earth Elementalist began the quest for
                  | the Orb.
     0 | D:1      | Reached XP level 1. HP: 10/10 MP: 3/3
    99 | D:1      | Reached skill level 4 in Earth Magic
   141 | D:1      | Reached XP level 2. HP: 15/15 MP: 1/5
   450 | D:1      | Reached XP level 3. HP: 19/19 MP: 0/6
  1150 | D:2      | Reached skill level 5 in Earth Magic
  1308 | D:2      | Reached XP level 4. HP: 24/24 MP: 5/7
  2019 | D:3      | Reached XP level 5. HP: 28/28 MP: 5/9
  2176 | D:3      | Noticed Jessica
  2183 | D:3      | Killed Jessica
  2326 | D:3      | Learned a level 2 spell: Passwall
  2330 | D:3      | Learned a level 3 spell: Stone Arrow
  2335 | D:3      | Learned a level 4 spell: Petrify
  2614 | D:3      | Reached skill level 6 in Earth Magic
  2884 | D:4      | Reached XP level 6. HP: 32/32 MP: 7/11
  3123 | D:4      | Found a glowing golden altar of the Shining One.
  3124 | D:4      | Found a blossoming altar of Fedhas.
  3510 | D:5      | Entered Level 5 of the Dungeon
  3531 | D:5      | Noticed a black bear
  3538 | D:5      | Killed a black bear
  3539 | D:5      | Reached skill level 7 in Earth Magic
  3623 | D:5      | Found a sand-covered staircase.
  3663 | Ossuary  | Entered an ossuary
  3679 | Ossuary  | Reached XP level 7. HP: 32/36 MP: 8/13
  3979 | Ossuary  | Reached skill level 8 in Earth Magic
  4068 | Ossuary  | Reached skill level 5 in Spellcasting
  4155 | Ossuary  | Reached XP level 8. HP: 37/42 MP: 9/15
  4167 | Ossuary  | Reached skill level 9 in Earth Magic
  4179 | Ossuary  | Identified the ring "Naoqy" {Dex+6 Slay+3}
  4454 | D:5      | Found a staircase to the Ecumenical Temple.
  4816 | D:5      | Found a glowing silver altar of Zin.
  4938 | D:6      | Noticed Blork the orc
  4951 | D:6      | Killed Blork the orc
  5084 | D:6      | Reached skill level 10 in Earth Magic
  5178 | D:6      | Reached XP level 9. HP: 46/46 MP: 4/18
  5324 | D:6      | Reached skill level 1 in Fighting
  5623 | D:6      | Reached skill level 1 in Conjurations
  5663 | D:6      | Reached skill level 11 in Earth Magic
  6117 | D:6      | Found a runed translucent door.
  6118 | D:6      | Noticed Crazy Yiuf
  6124 | D:6      | Killed Crazy Yiuf
  6229 | D:7      | Found a large runed translucent door.
  6230 | D:7      | Found a large runed translucent door.
  6621 | D:7      | Reached skill level 12 in Earth Magic
  6621 | D:7      | Noticed a kobold demonologist
  6625 | D:7      | Noticed a manticore
  6630 | D:7      | Noticed an orange demon
  6631 | D:7      | Noticed a rust devil
  6633 | D:7      | Killed a kobold demonologist
  6740 | D:7      | Killed a manticore
  6741 | D:7      | Reached XP level 10. HP: 41/56 MP: 2/21
  7043 | D:7      | Noticed Duvessa
  7046 | D:7      | Noticed Dowan
  7047 | D:7      | Killed Dowan
  7063 | D:7      | Killed Duvessa
  7190 | D:7      | Found a sacrificial altar of Ru.
  7344 | D:7      | Noticed Maggie
  7353 | D:7      | Killed Maggie
  7354 | D:7      | Reached skill level 13 in Earth Magic
  7869 | D:7      | Found an ancient bone altar of Kikubaaqudgha.
  7879 | D:7      | Found a snail-covered altar of Cheibriados.
  7956 | D:8      | Upgraded the game from 0.30-a0-743-gbfdf073431 to
                  | 0.30-a0-748-ge6a52f7cba
  8448 | D:8      | Noticed Pikel
  8492 | D:8      | Killed Pikel
  8932 | Temple   | Entered the Ecumenical Temple
  9039 | Temple   | Became a worshipper of Vehumet
  9307 | D:9      | Found a staircase to the Lair.
  9317 | D:9      | Reached skill level 5 in Stealth
  9488 | D:9      | Reached skill level 14 in Earth Magic
  9492 | D:9      | Reached XP level 11. HP: 56/62 MP: 10/23
  9860 | D:9      | Reached * piety under Vehumet
  9860 | D:9      | Offered knowledge of Foxfire by Vehumet.
 10467 | D:10     | Entered Level 10 of the Dungeon
 10510 | D:10     | Found a staircase to the Orcish Mines.
 10745 | D:10     | Noticed Fannar
 10812 | D:10     | Killed Fannar
 10813 | D:10     | Reached skill level 5 in Fighting
 10813 | D:10     | Reached skill level 1 in Armour
 11055 | D:10     | Reached ** piety under Vehumet
 11055 | D:10     | Offered knowledge of Poisonous Vapours by Vehumet.
 11075 | D:10     | Noticed a two-headed ogre
 11091 | D:10     | Killed a two-headed ogre
 11092 | D:10     | Reached skill level 5 in Conjurations
 11532 | D:11     | Found a transporter.
 11539 | D:11     | Found a viscous altar of Jiyva.
 11540 | D:11     | Noticed a great orb of eyes
 11544 | D:11     | Noticed a wizard
 11612 | D:11     | Noticed Erica
 11614 | D:11     | Noticed a wizard
 11624 | D:11     | Killed a wizard
 11625 | D:11     | Reached skill level 15 in Earth Magic
 11631 | D:11     | Killed Erica
 11635 | D:11     | Noticed an orc knight
 11643 | D:11     | Noticed an orc knight
 11675 | D:11     | Killed an orc knight
 11718 | D:11     | Killed an orc knight
 11980 | D:11     | Noticed a two-headed ogre
 11993 | D:11     | Killed a two-headed ogre
 11994 | D:11     | Reached skill level 1 in Shields
 12030 | D:11     | Noticed a boulder beetle
 12049 | D:11     | Killed a boulder beetle
 12050 | D:11     | Reached XP level 12. HP: 56/69 MP: 5/25
 12225 | D:11     | Noticed a two-headed ogre
 12285 | D:11     | Killed a two-headed ogre
 12329 | D:11     | Noticed Harold
 12386 | D:11     | Killed Harold
 12387 | D:11     | Reached skill level 10 in Spellcasting
 12644 | D:11     | Offered knowledge of Dazzling Flash by Vehumet.
 12651 | D:11     | Learned a level 3 spell: Dazzling Flash
 12699 | D:11     | Found a transporter.
 12829 | D:12     | Noticed Psyche
 12842 | D:12     | Killed Psyche
 13016 | D:12     | You fall into a shaft and drop 1 floor!
 13022 | D:13     | Noticed a centaur warrior
 13031 | D:13     | Noticed a centaur warrior
 13032 | D:13     | Noticed a boulder beetle
 13481 | D:12     | Noticed Nessos
 13518 | D:12     | Reached skill level 16 in Earth Magic
 13638 | D:12     | Reached *** piety under Vehumet
 13794 | D:12     | Killed Nessos
 13996 | D:12     | Noticed a boulder beetle
 14016 | D:12     | Reached skill level 5 in Shields
 14322 | D:12     | Learned a level 3 spell: Inner Flame
 14714 | D:12     | Reached XP level 13. HP: 75/75 MP: 14/28
 14722 | D:12     | Identified the +10 dagger of Impatience {flame, *Rage rC++}
 15289 | D:12     | Learned a level 2 spell: Blink
 15961 | D:13     | Noticed Frances
 16091 | D:12     | Offered knowledge of Olgreb's Toxic Radiance by Vehumet.
 16097 | D:12     | Learned a level 4 spell: Olgreb's Toxic Radiance
 16619 | D:13     | Reached skill level 17 in Earth Magic
 16667 | D:13     | Killed Frances
 17337 | D:14     | Noticed Rupert
 17337 | D:14     | Found a gate to the Vaults.
 17358 | D:14     | Found a blossoming altar of Fedhas.
 17557 | D:14     | Noticed an ettin
 17625 | D:14     | Noticed a red very ugly thing
 17641 | D:14     | Killed an ettin
 18184 | D:14     | Killed a red very ugly thing
 18372 | D:14     | Reached **** piety under Vehumet
 18373 | D:14     | Reached skill level 1 in Fire Magic
 18373 | D:14     | Gained mutation: Your large and strong wings let you fly.
                  | [Gargoyle growth]
 18373 | D:14     | Reached XP level 14. HP: 82/82 MP: 24/30
 18644 | D:14     | Offered knowledge of Iskenderun's Battlesphere by Vehumet.
 18660 | D:14     | HP: 4/82 [boulder beetle (40)]
 18679 | D:14     | HP: 3/82 [boulder beetle (21)]
 18693 | D:14     | Killed from afar by a manticore

Illustrated notes

Levels and vault maps discovered:
D:1:      sevenhm_arrival_forest_fort_large_2, layout_rooms,
          hangedman_abyss_or_decor_lesser_grid, minmay_split_cup_large
D:2:      layout_rooms, serial_bayou, serial_bayou_shore_a, serial_bayou_pond_b,
          serial_bayou_pond_b, serial_bayou_ford_a
D:3:      layout_loops_cross, uniq_jessica
D:4:      layout_basic, nicolae_overflow_two_pavilions, skrybe_limestone_x
D:5:      layout_rooms, zin_treasury, minmay_temple_entry_butterflies,
          enter_ossuary_2
D:6:      lemuel_ratsnest, layout_loops_ring, kennysheep_path_1,
          uniq_crazy_yiuf_cottage, uniq_blork_the_orc
D:7:      minmay_chambers_of_sixes, layout_basic, nicolae_ru_path_of_blood,
          jmf_multi_god_temple2, uniq_duvessa, uniq_maggie
D:8:      layout_rooms, serial_bayou_lagoon_b, uniq_pikel
D:9:      layout_loops_cross, david_lair_shrubbed, special_room
          [special_room_orc]
D:10:     layout_rooms, orc_0_dummy, uniq_fannar
D:11:     gammafunk_jiyva_shrine, layout_basic, minmay_misc_feat_columns,
          sword_in_stone
D:12:     minmay_tri_stars, layout_loops_ring, uniq_nessos, uniq_psyche
D:13:     layout_cave_pools, lemuel_freeze_loot_1, uniq_frances
D:14:     minmay_connected_boxes_in_corner, layout_basic, david_vaults_3,
          fedhas_altar_2, grunt_gozag_breadcrumbs
Temple:   kb_temple_of_zot

Skill      XL: |  1  2  3  4  5  6  7  8  9 10 11 12 13 |
---------------+----------------------------------------+-----
Earth Magic    | 4 5 6 7 8 10 12 14 15 16 17 | 17.6
Spellcasting   | 3 4 5 6 7 8 9 11 12 | 12.5
Stealth        | 3 4 5 6 |  6.4
Fighting       | 3 4 5 6 7 |  7.2
Conjurations   | 3 4 5 6 7 |  7.3
Armour         | 2 |  2.7
Shields        | 2 5 8 |  8.9
Fire Magic     | 1 |  1.2
Dodging        | |  1.5
Transmutations | |  0.7
Evocations     | |  0.3

Action                     |  1- 3 |  4- 6 |  7- 9 | 10-12 | 13-15 || total
---------------------------+-------+-------+-------+-------+-------++-------
  Melee: Flail             |    10 |    19 |   101 |    48 |       ||   178
         Mace              |     3 |       |       |       |       ||     3
         Club              |     1 |       |       |       |       ||     1
         Punch             |       |       |     3 |     1 |       ||     4
         Morningstar       |       |       |       |   228 |   100 ||   328
  Throw: Dart              |       |       |       |    10 |     9 ||    19
   Cast: Sandblast         |    54 |    74 |   170 |   214 |    47 ||   559
         Stone Arrow       |       |     3 |     4 |    73 |    90 ||   170
         Petrify           |       |       |     3 |    37 |     5 ||    45
         Inner Flame       |       |       |       |       |    13 ||    13
         Dazzling Flash    |       |       |       |       |     4 ||     4
         Olgreb's Toxic Ra |       |       |       |       |     4 ||     4
         Passwall          |       |       |       |       |     2 ||     2
  Evoke: Lightning rod     |       |       |       |       |     4 ||     4
         Wand              |       |       |       |       |     1 ||     1
    Use: Scroll            |       |     6 |    11 |    14 |     1 ||    32
         Potion            |       |       |       |     9 |     4 ||    13
   Stab: Sleeping          |       |     1 |     2 |     1 |     1 ||     5
         Petrified         |       |       |     1 |    81 |       ||    82
         Petrifying        |       |       |       |     5 |       ||     5
 Armour: Robe              |    14 |    21 |    80 |   202 |   159 ||   476
         Leather armour    |       |    15 |       |       |       ||    15
  Dodge: Dodged            |    25 |    30 |   181 |   412 |   252 ||   900
         Repelled          |       |       |       |     6 |     7 ||    13
  Block: Kite shield       |       |       |       |    62 |   189 ||   251

Table legend: (Time is in decaauts)
 A = Elapsed time spent in this place.
 B = Non-inter-level travel time spent in this place.
 C = Inter-level travel time spent in this place.
 D = Time resting spent in this place.
 E = Time spent auto-exploring this place.
 F = Levels seen in this place.
 G = Mean time per level.
                   A        B        C        D        E       F      G
               +--------+--------+--------+--------+--------+-----+--------+
         Total |  19260 |  17908 |   1352 |   4789 |   8627 |  16 | 1203.8 |
       Dungeon |  18336 |  17008 |   1328 |   4473 |   8399 |  14 | 1309.7 |
        Temple |    151 |    127 |     24 |      0 |     92 |   1 |  151.0 |
       Ossuary |    772 |    772 |      0 |    316 |    136 |   1 |  772.0 |
               +--------+--------+--------+--------+--------+-----+--------+

Top non-repeatable levels by time:
    D:12: 3162 daAuts
     D:7: 2074 daAuts
    D:11: 1627 daAuts
     D:6: 1537 daAuts
    D:13: 1266 daAuts
    D:14: 1243 daAuts
     D:9: 1141 daAuts
     D:1: 1110 daAuts
     D:8: 1025 daAuts
     D:2: 925 daAuts
    D:10: 924 daAuts
     D:3: 829 daAuts
 Ossuary: 772 daAuts
     D:5: 750 daAuts
     D:4: 716 daAuts
